Map: Cactus Valley LE (Void)

Players

Quality - Winner!

  • Race: Zerg Zerg

Shamanas

  • Race: Terran Terran

VOD

Have the link to the VOD?

Description

Time

  • Played on: May 3, 2015, 12:20 p.m.
  • Length: 15:22
Show
View Real Time Build Order
Export as new Build Order

Quality Zerg - Winner!

Build Orders: Hatch First 

Get SALT Encoding   

  12  0:01  Drone  
  13  0:12  Overlord  
  13  0:17  Drone  
  14  0:31  Drone  
  15  0:45  Hatchery  
  15  0:49  Drone  
  15  0:53  Drone  
  16  1:08  Spawning Pool  
  15  1:11  Drone  
  16  1:20  Drone x2  
  18  1:29  Drone  
  19  1:42  Extractor  
  18  1:51  Drone x2  
  20  1:57  Queen  
  20  2:00  Queen  
  24  2:07  Overlord, Drone  
  24  2:08  Drone  
  26  2:09  Drone  
  27  2:17  Drone  
  28  2:26  Drone  
  29  2:42  Metabolic Boost  
  29  2:43  Drone x4  
  29  2:44  Queen  
  35  2:56  Drone  
  35  2:57  Overlord  
  36  3:09  Overlord  
  36  3:15  Queen  
  36  3:16  Roach Warren  
  36  3:18  Drone  
  36  3:19  Drone  
  39  3:20  Drone  
  39  3:21  Drone x3  
  43  3:44  Extractor  
  42  3:50  Drone x7  
  42  3:51  Drone x3  
  52  4:00  Lair  
  52  4:03  Overlord x2  
  52  4:04  Overlord x2  
  52  4:10  Extractor  
  52  4:13  Burrow  
  51  4:17  Drone  
  51  4:18  Evolution Chamber  
  51  4:20  Evolution Chamber  
  50  4:46  Hatchery  
  50  4:50  Zerg Ground Armor Level 1  
  50  4:52  Drone x2  
  51  4:53  Drone, Extractor  
  51  4:55  Drone  
  52  5:05  Drone  
  52  5:06  Drone x9  
  62  5:18  Spire  
  62  5:20  Baneling Nest  
  60  5:21  Drone x2  
  60  5:23  Overlord x3  
  62  5:49  Zergling x12  
  72  5:50  Zergling x14  
  77  5:58  Hydralisk Den, Glial Reconstitution  
  77  6:03  Zerg Missile Weapons Level 1  
  76  6:11  Extractor  
  75  6:12  Extractor  
  75  6:15  Drone x7  
  81  6:34  Roach x7  
  95  6:40  Hatchery  
  88  7:05  Hydralisk x3  
  88  7:06  Hydralisk, Roach x5  
  105  7:08  Overlord x3  
  105  7:09  Overlord  
  105  7:10  Zerg Ground Armor Level 2  
  105  7:13  Drone  
  105  7:14  Overlord x4  
  105  7:15  Overlord x2  
  106  7:18  Muscular Augments  
  106  7:31  Overseer x3  
  106  7:32  Pneumatized Carapace  
  106  7:44  Hydralisk x4  
  106  7:45  Roach x5  
  114  8:03  Hydralisk x3  
  114  8:04  Hydralisk x4  
  121  8:08  Queen  
  121  8:11  Zerg Missile Weapons Level 2  
  123  8:35  Drone x3  
  123  8:36  Drone x5  
  123  8:37  Overlord x2  
  131  8:44  Hatchery  
  130  9:15  Hydralisk x4  
  130  9:16  Hydralisk x2, Roach x6  
  154  9:21  Infestation Pit  
  153  9:37  Extractor  
  152  9:39  Extractor  
  151  9:57  Hive  
  145  10:10  Zerg Melee Weapons Level 1  
  145  10:12  Drone x3  
  145  10:13  Drone x3  
  151  10:14  Drone x3  
  151  10:15  Drone x3  
  151  10:18  Overlord x2, Spine Crawler  
  151  10:19  Spine Crawler x2  
  154  10:36  Hydralisk  
  154  10:37  Hydralisk x5, Roach x3  
  154  10:38  Roach x3  
  178  10:51  Roach x7  
  178  10:52  Roach x3  
  178  10:59  Hydralisk x3  
  178  11:00  Hydralisk x2, Roach x5  
  178  11:01  Roach  
  200  11:21  Hydralisk x3  
  200  11:22  Hydralisk x2, Roach x3  
  200  11:23  Hydralisk, Roach x3  
  200  11:24  Roach  
  200  11:25  Hydralisk x2, Roach  
  200  11:26  Roach  
  180  11:42  Zerg Missile Weapons Level 3  
  180  11:44  Viper x3  
  187  12:08  Hydralisk x3  
  187  12:09  Roach x3  
  199  12:22  Zerg Ground Armor Level 3  
  199  12:24  Pathogen Glands  
  199  12:39  Overlord x4  
  199  12:41  Hatchery  
  198  12:58  Drone x2  
  200  13:00  Hatchery, Extractor  
  200  13:03  Extractor  
  174  13:14  Hydralisk x4  
  174  13:15  Hydralisk x8, Roach  
  174  13:16  Hydralisk x5, Roach x6  
  174  13:17  Roach x3  
  174  13:18  Roach  
  176  13:37  Spire  
  176  13:40  Hydralisk x3  
  176  13:41  Hydralisk x5  
  167  14:19  Overseer  
  167  14:20  Overseer x6  
  167  14:21  Hydralisk  
  167  14:22  Hydralisk x12  
  193  14:43  Drone x3  
  193  14:44  Drone x3  
Show
View Real Time Build Order
Export as new Build Order

Shamanas Terran 

Build Orders: Reaper Expand, Battlecruisers, Hellion Cyclone 

Get SALT Encoding   

  12  0:01  SCV  
  13  0:13  SCV  
  14  0:18  Supply Depot  
  14  0:25  SCV  
  15  0:39  SCV  
  16  0:43  Barracks  
  16  0:50  Refinery  
  16  0:51  SCV  
  17  1:03  SCV  
  18  1:15  SCV  
  19  1:30  Orbital Command  
  19  1:35  Reaper  
  20  1:44  Command Center  
  20  1:56  SCV  
  21  2:07  Barracks Reactor  
  21  2:08  SCV, Supply Depot  
  22  2:20  SCV  
  23  2:30  Factory  
  23  2:34  SCV  
  24  2:45  Marine x2  
  24  2:46  SCV, Refinery  
  27  2:54  Supply Depot  
  27  2:58  Bunker  
  27  3:00  SCV  
  27  3:01  Orbital Command  
  27  3:04  Marine  
  27  3:05  Marine  
  30  3:14  Factory Tech Lab  
  30  3:17  SCV, Starport  
  31  3:25  Marine x2  
  33  3:29  SCV  
  33  3:31  SCV  
  35  3:36  Armory  
  35  3:40  Refinery  
  35  3:41  SCV  
  36  3:43  SCV  
  37  3:48  Marine  
  37  3:49  Marine  
  37  3:53  SCV  
  40  3:59  Cyclone  
  40  4:01  SCV  
  44  4:05  SCV  
  45  4:10  Marine x2  
  45  4:11  Refinery, Starport Tech Lab  
  45  4:13  SCV  
  48  4:17  SCV  
  49  4:26  SCV  
  49  4:28  Marine x2  
  49  4:29  SCV  
  52  4:38  SCV  
  53  4:41  SCV  
  53  4:44  Supply Depot  
  54  4:45  Supply Depot  
  54  5:01  Factory  
  54  5:02  Command Center  
  54  5:04  Terran Vehicle and Ship Weapons Level 1  
  54  5:05  Marine x2  
  54  5:06  Cyclone, Factory  
  59  5:25  SCV x2  
  61  5:28  Supply Depot  
  61  5:30  Banshee, Cloaking Field  
  64  5:38  SCV, Cyclone  
  64  5:39  SCV  
  64  5:42  Infernal Pre-Igniter  
  69  5:49  Factory Tech Lab  
  69  5:52  SCV x2  
  69  5:53  Missile Turret  
  71  5:59  Hellbat x2  
  75  6:14  SCV x2  
  75  6:15  Orbital Command  
  76  6:19  Refinery  
  76  6:21  Refinery  
  76  6:22  Banshee  
  76  6:24  Cyclone  
  76  6:25  Cyclone, Hellbat  
  89  6:26  Hellbat  
  88  6:37  Fusion Core  
  88  6:40  SCV x2  
  88  6:42  SCV  
  91  6:50  Bunker  
  91  6:52  SCV x2  
  91  6:54  SCV  
  90  7:01  Cyclone, Hellbat x2  
  93  7:10  Supply Depot  
  93  7:11  Supply Depot  
  93  7:18  Command Center  
  93  7:24  Missile Turret  
  93  7:31  SCV x3, Cyclone  
  93  7:34  Cyclone  
  93  7:36  Unknown  
  102  7:43  SCV  
  103  7:45  SCV x2  
  105  7:55  SCV  
  96  8:03  Cyclone  
  96  8:04  Banshee, Hellbat x2  
  99  8:07  Cyclone  
  99  8:09  SCV x3  
  105  8:13  Starport  
  105  8:14  Starport  
  105  8:28  Hellbat x2  
  108  8:35  Cyclone, Refinery  
  108  8:36  SCV x3, Engineering Bay  
  108  8:37  SCV  
  108  8:39  Refinery  
  115  8:44  Cyclone  
  118  8:52  Starport Reactor  
  118  8:53  Starport Tech Lab  
  116  9:03  Planetary Fortress  
  116  9:04  SCV x3  
  116  9:06  Hellbat x2  
  123  9:14  Supply Depot, Terran Vehicle and Ship Weapons Level 2  
  123  9:15  Supply Depot  
  123  9:16  SCV  
  124  9:17  Supply Depot  
  124  9:19  Supply Depot  
  124  9:35  Command Center, Banshee, Cyclone  
  124  9:37  Cyclone, Barracks  
  133  9:43  Sensor Tower  
  133  9:46  Banshee, Hellbat x2  
  133  9:48  Viking x2  
  140  10:09  Cyclone  
  143  10:14  Starport x3  
  143  10:18  Banshee, SCV x2  
  143  10:21  Viking x2  
  152  10:26  Starport x2  
  152  10:28  Starport  
  152  10:31  Supply Depot x2  
  152  10:32  Supply Depot  
  152  10:38  Hellbat x2  
  156  10:43  Missile Turret  
  156  10:48  Planetary Fortress  
  156  10:49  Missile Turret  
  156  10:54  Starport Tech Lab  
  156  11:02  Refinery  
  156  11:05  Hyperflight Rotors  
  156  11:09  Starport Tech Lab  
  156  11:10  Refinery  
  156  11:11  Starport Tech Lab  
  154  11:24  Cyclone, Hellbat x2  
  154  11:25  Cyclone  
  147  11:26  Starport Tech Lab x2  
  139  11:35  Starport Tech Lab  
  139  11:37  Missile Turret  
  139  11:38  SCV x5  
  144  11:49  Battlecruiser x3  
  144  11:53  Raven  
  164  11:54  Banshee x2  
  164  11:55  Banshee  
  170  12:06  Cyclone  
  165  12:22  Hellbat x2  
  169  12:23  Viking x2  
  169  12:27  Raven  
  175  12:36  Banshee  
  178  12:37  Banshee  
  178  12:43  Battlecruiser  
  183  12:49  Hellbat  
  183  12:50  Hellbat x3  
  191  12:56  Viking x2  
  195  13:12  Refinery  
  177  13:16  Hellbat x3  
  177  13:19  Banshee x4  
  168  13:27  Command Center  
  168  13:48  Command Center, Battlecruiser x2  
  139  14:07  Banshee x5  
  134  14:28  Banshee  
  134  14:29  Viking  
  134  14:30  Hellbat x4  
  156  14:57  Hellbat x3  
  152  15:10  Refinery  
  129  15:14  Refinery  
Tags
 
Add a new tag
Caveats
  • Supply blocks, unpowered buildings, or Contaminate may cause inaccurate times.
  • Supply counts are checked every 10 seconds.